 Dungeon Crawl Stone Soup version 0.28-a0-1213-g0243856f03 (webtiles) character file.

Game seed: 13615194140893770117

42 skeletoncrazy the Grave Robber (level 3, 0/27 HPs)
             Began as a Demigod Necromancer on Dec 21, 2021.
             Slain by a worm (7 damage)
             ... on level 2 of the Dungeon.
             The game lasted 00:08:35 (1579 turns).

skeletoncrazy the Grave Robber (DgNe)               Turns: 1579, Time: 00:08:35

Health: 0/27       AC:  2    Str:  9    XL:     3   Next: 19%
Magic:  1/8        EV: 12    Int: 21    God:
Gold:   9          SH:  0    Dex: 14    Spells: 3/6 levels left

rFire   . . .      SeeInvis .   f - +2 long sword
rCold   . . .      Faith    .   (no shield)
rNeg    . . .      Spirit   .   a - +0 robe
rPois   .          Reflect  .   (no helmet)
rElec   .          Harm     .   (no cloak)
rCorr   +          Rampage  .   (no gloves)
Will    .....                   (no boots)
Stlth   ++........              (no amulet)
HPRegen 0.09/turn               c - ring of resist corrosion
MPRegen 0.11/turn               (no ring)

@: no status effects
A: high mp 1, forlorn, divine attributes
a: no special abilities


You were on level 2 of the Dungeon.
You visited 1 branch of the dungeon, and saw 2 of its levels.

You collected 9 gold pieces.

Inventory:

Hand Weapons
 b - a +0 short sword
 f - a +2 long sword (weapon)
Armour
 a - a +0 robe (worn)
 h - a +2 chain mail of fire resistance
Jewellery
 c - a ring of resist corrosion (left hand)
Potions
 d - a potion of brilliance
 e - a potion of flight {unknown}
 g - a potion of attraction {unknown}
 i - a potion of ambrosia {unknown}


   Skills:
 * Level 0.6 Fighting
 + Level 0.1 Long Blades
 - Level 1.7 Dodging
 - Level 1.7 Stealth
 + Level 2.0 Spellcasting
 * Level 4.3 Necromancy
 * Level 0.2 Air Magic
 * Level 0.1 Poison Magic


You had 3 spell levels left.
You knew the following spells:

 Your Spells              Type           Power      Damage    Failure   Level
a - Pain                  Necr           80%        1d8       2%          1
b - Poisonous Vapours     Pois/Air       6%         N/A       21%         2

Your spell library contained the following spells:

 Spells                   Type           Power      Damage    Failure   Level
 Animate Skeleton         Necr           40%        N/A       2%          1
 Vampiric Draining        Necr           20%        2d7       8%          3
 Sting                    Tmut/Pois      8%         1d3       14%         1
 Animate Dead             Necr           10%        N/A       24%         4
 Agony                    Necr           20%        N/A       56%         5
 Olgreb's Toxic Radiance  Pois           2%         N/A       80%         4


Dungeon Overview and Level Annotations

Branches:
Dungeon (2/15)


Innate Abilities, Weirdness & Mutations

You have an increased reservoir of magic. (+10% MP)
You shall have no god before yourself.
Your divine heritage dramatically boosts your attributes as you level up.


Message History

Aim: a worm (heavily wounded, chance to affect: 85%)
The worm barely resists.
You barely miss the worm.
The worm is heavily wounded.
The worm bites you!
You slash the worm!
The worm is severely wounded.
The worm barely misses you.
Casting: Pain (safe; 2% risk of failure)
Confirm with . or Enter, or press ? or * to list all spells.
Aiming: Pain (safe; 2% risk of failure)
Press: ? - help, Shift-Dir - straight line, f/p - worm
Aim: a worm (severely wounded, chance to affect: 85%)
The worm writhes in agony.
Casting: Pain (safe; 2% risk of failure)
Confirm with . or Enter, or press ? or * to list all spells.
Aiming: Pain (safe; 2% risk of failure)
Press: ? - help, Shift-Dir - straight line, f/p - worm
Aim: a worm (severely wounded, chance to affect: 85%)
The worm barely resists.
Casting: Pain (safe; 2% risk of failure)
Confirm with . or Enter, or press ? or * to list all spells.
Aiming: Pain (safe; 2% risk of failure)
Press: ? - help, Shift-Dir - straight line, f/p - worm
Aim: a worm (severely wounded, chance to affect: 85%)
The worm writhes in agony.
Casting: Pain (safe; 2% risk of failure)
Confirm with . or Enter, or press ? or * to list all spells.
You don't have enough magic to cast this spell.
Unknown command.
The worm bites you.
* * * LOW HITPOINT WARNING * * *
You hit the worm.
The worm is almost dead.
The worm bites you.
* * * LOW HITPOINT WARNING * * *
You completely miss the worm.
The worm is almost dead.
The worm bites you!
You die...

.########## .# .#
#.# ##.### ###
#.... ... #..# #.#
#..# #.# #@.# #.#
#w.# #.#
#..#######.#
#..........#####.#
#.########......#.
#.# #.#####.# #.#
#.#####.# #.#
#........ #.#
#######..


You could see a worm.

Vanquished Creatures
  2 adders (D:2)
  A dart slug (D:1)
  4 ball pythons
  4 endoplasms
  3 giant cockroaches (D:1)
  A hobgoblin (D:2)
  A quokka (D:2)
  A bat (D:1)
  A frilled lizard (D:1)
  2 kobolds (D:1)
  A rat (D:2)
21 creatures vanquished.

Notes
Turn   | Place    | Note
-------+----------+-------------------------------------------
     0 | D:1      | skeletoncrazy the Demigod Necromancer began the quest for
                  | the Orb.
     0 | D:1      | Reached XP level 1. HP: 14/14 MP: 5/5
   435 | D:1      | Reached skill level 4 in Necromancy
   659 | D:1      | Reached XP level 2. HP: 17/22 MP: 2/7
   971 | D:1      | Identified a scroll of acquirement
   971 | D:1      | Acquired a Young Poisoner's Handbook
   977 | D:1      | Learned a level 2 spell: Poisonous Vapours
  1314 | D:2      | Reached XP level 3. HP: 20/27 MP: 0/8
  1579 | D:2      | Slain by a worm

Illustrated notes

Levels and vault maps discovered:
D:1:      wander_arrival_lonely_grave, layout_basic,
          hellmonk_ecumenical_altar_arch_garden
D:2:      layout_loops_ring

Skill      XL: |  1  2 |
---------------+-------+-----
Necromancy     | 4 |  4.3
Spellcasting   | 2 |  2.0
Fighting       | |  0.6
Long Blades    | |  0.1
Dodging        | |  1.7
Stealth        | |  1.7
Air Magic      | |  0.2
Poison Magic   | |  0.1

Action                   || total
-------------------------++-------
Melee: Short sword       ||    24
       Long sword        ||    18
 Cast: Pain              ||    35
  Use: Scroll            ||     9
 Stab: Sleeping          ||     4
Armor: Robe              ||     7
Dodge: Dodged            ||    20

Table legend: (Time is in decaauts)
 A = Elapsed time spent in this place.
 B = Non-inter-level travel time spent in this place.
 C = Inter-level travel time spent in this place.
 D = Time resting spent in this place.
 E = Time spent auto-exploring this place.
 F = Levels seen in this place.
 G = Mean time per level.
                   A        B        C        D        E       F      G
               +--------+--------+--------+--------+--------+-----+--------+
         Total |   1586 |   1221 |    365 |    889 |      0 |   2 |  793.0 |
       Dungeon |   1586 |   1221 |    365 |    889 |      0 |   2 |  793.0 |
               +--------+--------+--------+--------+--------+-----+--------+

Top non-repeatable levels by time:
     D:1: 1136 daAuts
     D:2: 450 daAuts
